 Dungeon Crawl Stone Soup version 0.29-a0-613-gf2c431b9b9 (webtiles) character file.

Game seed: 17807442074880538989

30 freelancePsychic the Skirmisher (level 3, -3/29 HPs)
             Began as a Demonspawn Chaos Knight on June 17, 2022.
             Slain by Jessica
             ... wielding a +0 club
              (4 damage)
             ... on level 2 of the Dungeon.
             The game lasted 00:03:41 (1799 turns).

freelancePsychic the Skirmisher (DsCK)              Turns: 1799, Time: 00:03:43

Health: -3/29      AC:  6    Str: 11 (12) XL:     3   Next: 3%
Magic:  3/3        EV: 11    Int: 14 (15) God:
Gold:   137        SH:  0    Dex: 12      Spells: 2/2 levels left

rFire   . . .      SeeInvis .   a - +0 dagger
rCold   . . .      Faith    .   (no shield)
rNeg    . . .      Spirit   .   b - +3 leather armour
rPois   .          Reflect  .   (no helmet)
rElec   .          Harm     .   (no cloak)
rCorr   .          Rampage  .   (no gloves)
Will    .....                   (no boots)
Stlth   +.........              (no amulet)
HPRegen 0.09/turn               (no ring)
MPRegen 0.08/turn               (no ring)

@: mighty, attractive, slowed, unable to read, very slow
A: demonic magic 1, mutation resistance 1, inability to read while threatened
a: no special abilities


You were on level 2 of the Dungeon.
You visited 1 branch of the dungeon, and saw 2 of its levels.

You collected 137 gold pieces.

Inventory:

Hand Weapons
 a - a +0 dagger (weapon)
Missiles
 j - 4 poisoned darts
Armour
 b - a +3 leather armour (worn)
Jewellery
 h - a ring of protection from fire
Scrolls
 i - a scroll of identify {unknown}
 m - a scroll of magic mapping {unknown}
 o - a scroll of blinking {unknown}
Potions
 d - a potion of mutation
 k - a potion of heal wounds {unknown}
Miscellaneous
 c - a piece from Xom's chessboard (14/15) (quivered)


   Skills:
 + Level 3.3 Fighting
 * Level 0.8 Short Blades
 - Level 2.8 Polearms
 - Level 2.0 Armour
 - Level 1.2 Dodging
 * Level 1.0 Stealth


You had 2 spell levels left.
You didn't know any spells.
Your spell library was empty.

Dungeon Overview and Level Annotations

Branches:
Dungeon (2/15)

Altars:

Annotations:
D:2 Jessica, Natasha


Innate Abilities, Weirdness & Mutations

Spells you cast may paralyse adjacent enemies.
You are somewhat resistant to further mutation.
You sometimes lose the ability to read scrolls when taking damage.


Message History

Jessica hits you but does no damage. The rat bites you but does no damage.
Jessica misses you.
You hit Jessica.
Jessica is almost dead.
You can read scrolls again.
The rat barely misses you. Jessica barely misses you.
You hit Jessica but do no damage.
Jessica is almost dead.
Jessica hits you but does no damage. The rat closely misses you.
You barely miss Jessica.
Jessica is almost dead.
Jessica barely misses you. The rat closely misses you.
Jessica casts a spell at you.
You feel yourself slow down.
Natasha hisses angrily.
You hit Jessica but do no damage.
Jessica is almost dead.
Jessica mumbles some strange words.
Jessica blinks!
The rat bites you but does no damage. The rat closely misses you.
It was a potion of mutation.
You feel extremely strange.
You feel healthier.
You no longer feel heat resistant.
You feel genetically stable. The rat closely misses you.
It was a potion of attraction.
You feel attractive to monsters. Jessica hits you with a +0 club.
You feel threatened and lose the ability to read scrolls!
Natasha casts a spell at you. The magic dart hits you!
* * * LOW HITPOINT WARNING * * *
Jessica hits you but does no damage. The rat barely misses you.
Natasha mumbles some strange words.
Jessica barely misses you. The rat closely misses you.
Natasha is attracted toward you. The iron imp is attracted toward you.
It was a potion of might.
You feel very mighty all of a sudden. Jessica hits you with a +0 club.
You die...
Xom laughs nastily!

## # ####### #.#
...#.....## ...
..........##.#.#.#
.......@r.........
......h5@..#.#.#.
..................
.....§......#.#.#.#
.........§..........
...............#.#.#
#.............#......
#...........###.#.#.#
##....#........... ..


You could see an iron imp (summoned), Natasha, Jessica (fast) and a rat.

Vanquished Creatures
  A dart slug (D:2)
  4 bats
  An endoplasm (D:1)
  4 goblins
  2 hobgoblins (D:1)
  2 kobolds (D:1)
  A quokka (D:1)
  6 ball pythons
  A frilled lizard (D:1)
  2 rats
24 creatures vanquished.

Notes
Turn   | Place    | Note
-------+----------+-------------------------------------------
     0 | D:1      | freelancePsychic the Demonspawn Chaos Knight began the
                  | quest for the Orb.
     0 | D:1      | Reached XP level 1. HP: 18/18 MP: 1/1
     0 | D:1      | Fell from the grace of Xom
    32 | D:1      | XOM: torment (10/18 hp)
   205 | D:1      | Reached skill level 1 in Dodging
   300 | D:1      | XOM: give mutations
   300 | D:1      | Gained mutation: You are robust. (+10% HP) [Xom's grace]
   300 | D:1      | Gained mutation: Your flesh is heat resistant. (rF+) [Xom's
                  | grace]
   601 | D:1      | Gained mutation: Spells you cast may paralyse adjacent
                  | enemies. [demonic ancestry]
   601 | D:1      | Reached XP level 2. HP: 26/26 MP: 2/2
   867 | D:1      | Found a faded altar of an unknown god.
  1296 | D:1      | XOM: give mutations
  1296 | D:1      | Gained mutation: Your body sometimes deteriorates upon
                  | taking damage. [Xom's mischief]
  1296 | D:1      | Lost mutation: You are robust. (+10% HP) [Xom's mischief]
  1296 | D:1      | Gained mutation: You sometimes lose the ability to read
                  | scrolls when taking damage. [Xom's mischief]
  1550 | D:2      | Noticed Natasha
  1639 | D:2      | Reached skill level 1 in Stealth
  1639 | D:2      | Reached XP level 3. HP: 26/29 MP: 3/3
  1781 | D:2      | Noticed Jessica
  1797 | D:2      | Lost mutation: Your body sometimes deteriorates upon taking
                  | damage. [potion of mutation]
  1797 | D:2      | Lost mutation: Your flesh is heat resistant. (rF+) [potion
                  | of mutation]
  1797 | D:2      | Gained mutation: You are somewhat resistant to further
                  | mutation. [potion of mutation]
  1798 | D:2      | HP: 1/29 [Natasha/magic dart (8)]
  1799 | D:2      | Slain by Jessica

Illustrated notes

Levels and vault maps discovered:
D:1:      lordsloth_arrival_two_stooges, layout_basic, basic_ecumenical_altar
D:2:      layout_rooms, st_stairs_12, grunt_ministairs_12, uniq_jessica,
          uniq_natasha

Skill      XL: |  1  2 |
---------------+-------+-----
Dodging        | 1 |  1.2
Armour         | 2 |  2.0
Stealth        | 1 |  1.0
Fighting       | |  3.3
Short Blades   | |  0.8
Polearms       | |  2.8

Action                   || total
-------------------------++-------
Melee: Spear             ||    54
       Punch             ||     1
       Dagger            ||    94
Invok: Renounce Religion ||     1
Evoke: Piece from Xom's  ||     1
  Use: Scroll            ||     3
       Potion            ||     3
Armor: Leather armour    ||    55
Dodge: Dodged            ||   106

Table legend: (Time is in decaauts)
 A = Elapsed time spent in this place.
 B = Non-inter-level travel time spent in this place.
 C = Inter-level travel time spent in this place.
 D = Time resting spent in this place.
 E = Time spent auto-exploring this place.
 F = Levels seen in this place.
 G = Mean time per level.
                   A        B        C        D        E       F      G
               +--------+--------+--------+--------+--------+-----+--------+
         Total |   1805 |   1684 |    121 |    162 |    983 |   2 |  902.5 |
       Dungeon |   1805 |   1684 |    121 |    162 |    983 |   2 |  902.5 |
               +--------+--------+--------+--------+--------+-----+--------+

Top non-repeatable levels by time:
     D:1: 1375 daAuts
     D:2: 429 daAuts
